 Dungeon Crawl Stone Soup version 0.18-a0-824-g47fe746 (webtiles) character file.

60 JokEr the Insei (level 4, -4/29 HPs)
             Began as an Octopode Transmuter on Dec 17, 2015.
             Slain by an adder (5 damage)
             ... on level 3 of the Dungeon.
             The game lasted 00:02:05 (1133 turns).

JokEr the Insei (Octopode Transmuter)               Turns: 1133, Time: 00:02:06

Health: -4/29      AC:  1    Str:  9    XL:     4   Next: 6%
Magic:  7/7        EV: 12    Int: 16    God:
Gold:   75         SH:  0    Dex: 12    Spells: 1 memorised, 6 levels left

rFire  . . .     SeeInvis .       - Unarmed
rCold  . . .     Gourm    .     (no shield)
rNeg   . . .     Faith    .     (helmet restricted)
rPois  .         Spirit   .     (no amulet)
rElec  .         Dismiss  .     (no ring)
rCorr  .         Reflect  .     (no ring)
SustAt .         Harm     .     (no ring)
MR     .....                    (no ring)
Stlth  ++........               (no ring)
                                (no ring)
                                (no ring)
                                (no ring)

@: lethally poisoned (-4 -> -11), not resistant to hostile enchantments,
unstealthy
A: almost no armour, amphibious, 8 rings, constrict 8, camouflage 1, gelatinous
body 1
a: no special abilities


You were on level 3 of the Dungeon.
You were hungry.

You visited 1 branch of the dungeon, and saw 4 of its levels.

You collected 75 gold pieces.

Inventory:

Missiles
 a - 12 arrows
Jewellery
 h - a cursed ring of magical power {unknown}
Scrolls
 e - 2 scrolls of teleportation {unknown}
 j - a scroll of identify
Potions
 d - 2 potions of lignification
 i - a potion of curing {unknown}
Books
 b - a book of Changes

   Spells                             Type                      Level
   a - Beastly Appendage              Transmutation                1
   b - Sticks to Snakes               Transmutation                2
   c - Spider Form                    Transmutation/Poison         3
   d - Ice Form                       Ice/Transmutation            4
   e - Blade Hands                    Transmutation                5
Comestibles
 c - 3 bread rations
 f - a slice of pizza
 g - a beef jerky


   Skills:
 + Level 2.2 Fighting
 - Level 2.0 Dodging
 + Level 3.6 Unarmed Combat
 - Level 2.0 Spellcasting
 + Level 2.9 Transmutations


You had 6 spell levels left.
You knew the following spells:

 Your Spells              Type           Power        Failure   Level  Hunger
a - Beastly Appendage     Trmt           ##....       10%         1    #......


Dungeon Overview and Level Annotations

Branches:
Dungeon (4/15)
 Temple: D:4-7

Altars:


Innate Abilities, Weirdness & Mutations

You cannot wear most types of armour.
You are amphibious.
You can wear up to eight rings at the same time.
You can use your tentacles to constrict eight enemies at once.
Your skin changes colour to match your surroundings (Stealth).
Your rubbery body absorbs attacks (AC +1).


Message History

The adder is moderately wounded.
The adder closely misses you. x2
You closely miss the adder. Your grab misses the adder.
The adder is moderately wounded.
* * * LOW HITPOINT WARNING * * *
You feel sick. The adder closely misses you.
You barely miss the adder. Your grab misses the adder.
The adder is moderately wounded.
* * * LOW HITPOINT WARNING * * *
You feel sick. The adder bites you but does no damage.
You tentacle-slap the adder. Your grab misses the adder.
The adder is almost dead.
* * * LOW HITPOINT WARNING * * *
You feel sick. The adder closely misses you.
You barely miss the adder. You grab the adder.
The adder is almost dead.
You constrict the adder, but do no damage.
* * * LOW HITPOINT WARNING * * *
You feel sick. The adder bites you.
You die...

# . #####.
#.....
......####
#......#
#......#
#..$.@.#
+...S..#
#......#
#......#
#......#
#......#
#......#
#......#
########


You could see an adder.

Vanquished Creatures
  3 adders
  An ooze (D:1)
  5 giant cockroaches
  A hobgoblin (D:1)
  7 kobolds (D:1)
  3 bats (D:1)
  2 giant newts
  8 rats
30 creatures vanquished.

Notes
Turn   | Place    | Note
--------------------------------------------------------------
     0 | D:1      | JokEr the Octopode Transmuter began the quest for the Orb.
     0 | D:1      | Reached XP level 1. HP: 13/13 MP: 3/3
   256 | D:1      | Reached XP level 2. HP: 18/18 MP: 5/5
   519 | D:1      | Reached XP level 3. HP: 22/24 MP: 6/6
  1002 | D:2      | You fall through a shaft for 2 floors!
  1090 | D:4      | Noticed a phantom
  1126 | D:3      | Reached XP level 4. HP: 12/29 MP: 7/7
  1133 | D:3      | HP: 1/29 [poisoned by an adder]
  1133 | D:3      | Slain by an adder

Vault maps used:
D:1:      minmay_arrival_arboretum_small, minivault_5
D:2:      first_bread
D:4:      minmay_misc_feat_rows

Action                   |  1- 3 |  4- 6 || total
-------------------------+-------+-------++-------
Melee: Unarmed           |    73 |     7 ||    80
  Use: Scroll            |     3 |       ||     3
 Stab: Sleeping          |     8 |       ||     8
       Distracted        |     1 |       ||     1
